 Seeded DCSS version 0.29-a0-398-ge13fd1374b (webtiles) character file.

Game seed: 6973808790542143647 (custom seed)

4074 oldmanjim the Blocker (level 10, 0/100 HPs)
             Began as an Ogre Transmuter on May 12, 2022.
             Was a Follower of Sif Muna.
             Slain by a two-headed ogre
             ... wielding a +0 giant club
              (22 damage)
             ... on level 8 of the Dungeon.
             The game lasted 00:59:56 (9802 turns).

oldmanjim the Blocker (Ogre Transmuter)             Turns: 9802, Time: 00:59:58

Health: 0/100      AC: 12    Str: 22    XL:     10   Next: 25%
Magic:  16/16      EV:  9    Int: 28    God:    Sif Muna [*.....]
Gold:   2338       SH: 12    Dex:  9    Spells: 9/17 levels left

rFire   + + .      SeeInvis .   a - +9 mace of Zekow {flame, Int+5}
rCold   + + +      Faith    +   g - +2 shield of Resistance {rF++ rC++ Will++}
rNeg    + + .      Spirit   .   A - +2 robe {rC+}
rPois   +          Reflect  .   (helmet currently unavailable)
rElec   .          Harm     .   t - +2 cloak of Jyilir {rPois rN++ Int+5}
rCorr   .          Rampage  .   (gloves unavailable)
Will    +++..                   (boots unavailable)
Stlth   +.........              c - amulet of faith
HPRegen 0.26/turn               B - +4 ring of protection
MPRegen 0.15/turn               n - +6 ring of strength

@: appendages
A: horns 2, talons 2, large, unfitting armour, tough skin 1
a: End Transformation, Renounce Religion, Channel Magic


You were on level 8 of the Dungeon.
You worshipped Sif Muna.
Sif Muna was aware of your devotion.
You had temporarily grown beastly horns and talons.
You visited 2 branches of the dungeon, and saw 9 of its levels.

You collected 2338 gold pieces.

Inventory:

Hand Weapons
 a - the +9 mace of Zekow (weapon) {flame, Int+5}
   (You found it on level 2 of the Dungeon)

   It burns those it strikes, dealing additional fire damage.
   Int:       It affects your intelligence (+5).
 d - a +1 vorpal hunting sling
Missiles
 h - 153 stones
 l - 3 javelins
 p - 21 poisoned darts (quivered)
 v - 5 large rocks
 w - a boomerang of dispersal
 y - 4 atropa-tipped darts
 G - a curare-tipped dart
Armour
 g - the +2 shield of Resistance (worn) {rF++ rC++ Will++}
   (You acquired it on level 1 of the Dungeon)

   rF:        It greatly protects you from fire.
   rC:        It greatly protects you from cold.
   Will:      It greatly increases your willpower.
 t - the +2 cloak of Jyilir (worn) {rPois rN++ Int+5}
   (You acquired it on level 2 of the Dungeon)

   Int:       It affects your intelligence (+5).
   rPois:     It protects you from poison.
   rN:        It greatly protects you from negative energy.
 A - a +2 robe of cold resistance (worn)
Jewellery
 c - an amulet of faith (around neck)
 m - a ring of protection from fire
 n - a +6 ring of strength (right hand)
 o - a ring of resist corrosion
 B - a +4 ring of protection (left hand)
Wands
 E - a wand of iceblast (1)
 I - a wand of mindburst (12)
Scrolls
 i - 3 scrolls of fear
 j - 2 scrolls of teleportation
 s - a scroll of amnesia {unknown}
 u - 2 scrolls of fog
 z - 2 scrolls of enchant armour
 C - a scroll of magic mapping {unknown}
 F - a scroll of blinking {unknown}
 H - a scroll of vulnerability {unknown}
 K - a scroll of immolation {unknown}
Potions
 b - 3 potions of lignification
 e - a potion of cancellation {unknown}
 f - a potion of attraction
 k - a potion of flight
 q - a potion of mutation
 r - 4 potions of curing
 x - a potion of haste
 D - a potion of berserk rage {unknown}
 J - a potion of degeneration {unknown}
 L - a potion of brilliance {unknown}


   Skills:
 + Level 6.6 Fighting
 - Level 3.0 Dodging
 - Level 10.0 Shields
 - Level 4.0 Unarmed Combat
 - Level 4.0 Spellcasting
 + Level 5.0 Transmutations
 + Level 0.0 Ice Magic
 - Level 2.0 Poison Magic
 - Level 3.0 Invocations


You had 9 spell levels left.
You knew the following spells:

 Your Spells              Type           Power      Damage    Failure   Level
a - Beastly Appendage     Tmut           66%        N/A       1%          1
b - Spider Form           Tmut/Pois      25%        N/A       10%         3
c - Ice Form              Ice/Tmut       19%        N/A       43%         4

Your spell library contained the following spells:

 Spells                   Type           Power      Damage    Failure   Level
 Wereblood                Tmut           33%        N/A       2%          2
 Animate Skeleton         Necr           10%        N/A       14%         1
 Apportation              Tloc           10%        N/A       14%         1
 Pain                     Necr           20%        1d5       14%         1
 Shock                    Conj/Air       20%        1d4       14%         1
 Summon Small Mammal      Summ           20%        N/A       14%         1
 Ignite Poison            Fire/Tmut/Pois 18%        N/A       16%         3
 Static Discharge         Conj/Air       5%         N/A       21%         2
 Conjure Flame            Conj/Fire      5%         6-21      38%         3
 Swiftness                Air            5%         N/A       38%         3
 Airstrike                Air            2%         N/A       80%         4
 Dispel Undead            Necr           5%         3d7       80%         4
 Sticky Flame             Conj/Fire      5%         2d3       80%         4
 Agony                    Necr           5%         N/A       98%         5
 Excruciating Wounds      Necr           2%         N/A       98%         5


Dungeon Overview and Level Annotations

Branches:
Dungeon (8/15)             Temple (1/1) D:6            Lair (0/6) D:8

Altars:
Ashenzari
Cheibriados
Dithmenos
Elyvilon
Fedhas
Gozag
Hepliaklqana
Kikubaaqudgha
Makhleb
Nemelex Xobeh
Okawaru
Qazlal
Ru
Sif Muna
Trog
Uskayaw
Vehumet
Wu Jian
Xom
Yredelemnul
Zin
The Shining One

Annotations:
D:6 1 runed translucent door, exclusion: door, Crazy Yiuf


Innate Abilities, Weirdness & Mutations

You have temporarily grown beastly horns and talons.
You are too large for most types of armour.
You have tough skin. (AC +1)


Message History

Things that are here:
a -2 spear of freezing; a +1 animal skin; the gnoll skeleton of Grum You see here a wolf skeleton.
As you open the door, it creaks loudly!
There is an open door here.
You open the door.
There is an open door here.
L - a dark potion A two-headed ogre comes into view.
It is wielding two +0 giant clubs.
The two-headed ogre shouts in stereo!
Casting: Spider Form (dangerous; 10% risk of failure)
Confirm with . or Enter, or press ? or * to list all spells.
You grow a pair of large bovine horns.
Your feet morph into talons.
The two-headed ogre barely misses you. You block the two-headed ogre's attack.
You thump the two-headed ogre! You burn the two-headed ogre.
The two-headed ogre is moderately wounded.
The two-headed ogre hits you with a +0 giant club!
You block the two-headed ogre's attack.
You hit the two-headed ogre. You burn the two-headed ogre.
You claw the two-headed ogre.
The two-headed ogre is heavily wounded.
The two-headed ogre hits you but does no damage.
The two-headed ogre completely misses you.
You sock the two-headed ogre! You burn the two-headed ogre.
Your kick misses the two-headed ogre.
The two-headed ogre is severely wounded.
The two-headed ogre hits you with a +0 giant club!!
You block the two-headed ogre's attack.
You barely miss the two-headed ogre.
Your headbutt misses the two-headed ogre.
The two-headed ogre is severely wounded.
The two-headed ogre hits you with a +0 giant club!!
You block the two-headed ogre's attack.
You barely miss the two-headed ogre. You claw the two-headed ogre!
You headbutt the two-headed ogre.
The two-headed ogre is almost dead.
The two-headed ogre hits you with a +0 giant club!!
* * * LOW HITPOINT WARNING * * *
The two-headed ogre hits you with a +0 giant club!!
You die...

#.....#.##
##.#####........
#..........##.##
##.######..##.#
#.....# #.#####
#.# #.#######.
#.@.......
#.#O......
...#..##.##
#.........
#....#.....
##...........
......######
###...##


You could see a two-headed ogre.

Vanquished Creatures
  Prince Ribbit (D:7)
  A wyvern (D:7)
  3 yaks (D:8)
  Grum (D:8)
  3 water moccasins
  A sky beast (D:3)
  2 black bears
  An ice beast (D:6)
  2 ogres
  4 wolves (D:8)
  A centaur (D:6)
  A phantom (D:6)
  2 kobold brigands
  2 scorpions (D:4)
  5 bullfrogs
  A necrophage (D:6)
  5 wights (D:7)
  3 killer bees (D:8)
  2 howler monkeys (D:7)
  6 hounds
  3 jellies
  2 orc priests
  A gnoll shaman (D:7)
  An iguana (D:5)
  3 orc wizards
  A mummy (D:7)
  11 gnolls
  6 adders
  2 white imps
  2 ufetubi
  A worm (D:3)
  4 dart slugs
  19 orcs
  2 ball pythons (D:2)
  6 endoplasms
  4 giant cockroaches
  10 goblins
  10 hobgoblins
  6 quokkas
  6 frilled lizards
  17 kobolds
  10 rats
174 creatures vanquished.

Vanquished Creatures (others)
  41 fungi
  36 plants
77 creatures vanquished.

Grand Total: 251 creatures vanquished

Notes
Turn   | Place    | Note
-------+----------+-------------------------------------------
     0 | D:1      | oldmanjim the Ogre Transmuter began the quest for the Orb.
     0 | D:1      | Reached XP level 1. HP: 19/19 MP: 3/3
   480 | D:1      | Reached XP level 2. HP: 17/28 MP: 3/5
   983 | D:1      | Identified a scroll of acquirement
   983 | D:1      | Acquired the +2 shield of Resistance {rF++ rC++ Will++}
   983 | D:1      | Found the +2 shield of Resistance {rF++ rC++ Will++}
  1474 | D:1      | Reached XP level 3. HP: 32/35 MP: 5/7
  1509 | D:1      | Found a faded altar of an unknown god.
  2181 | D:2      | Identified the +9 mace of Zekow {flame, Int+5}
  2912 | D:3      | Reached XP level 4. HP: 23/44 MP: 8/8
  3144 | D:3      | Noticed a sky beast
  3152 | D:3      | Killed a sky beast
  3153 | D:3      | Reached skill level 1 in Shields
  3153 | D:3      | Reached XP level 5. HP: 34/54 MP: 9/9
  3274 | D:2      | Acquired 819 gold pieces
  3275 | D:2      | Acquired the +2 cloak of Jyilir {rPois rN++ Int+5}
  3305 | D:3      | Learned a level 3 spell: Spider Form
  3363 | D:3      | Found a stormy altar of Qazlal.
  3451 | D:3      | HP: 1/54 [orc priest/divine providence (9)]
  3948 | D:3      | Reached XP level 6. HP: 60/62 MP: 10/10
  3996 | D:3      | Reached skill level 2 in Shields
  4622 | D:4      | Reached skill level 3 in Shields
  4622 | D:4      | Reached XP level 7. HP: 26/70 MP: 9/11
  5098 | D:4      | Reached skill level 4 in Shields
  5235 | D:5      | Entered Level 5 of the Dungeon
  5648 | D:5      | Reached skill level 5 in Fighting
  5961 | D:5      | Reached XP level 8. HP: 80/80 MP: 12/12
  6095 | D:6      | Reached skill level 5 in Shields
  6095 | D:6      | Reached skill level 1 in Poison Magic
  6446 | D:6      | Reached skill level 6 in Shields
  6686 | D:6      | Found a large runed translucent door.
  6687 | D:6      | Found a large runed translucent door.
  6697 | D:6      | Found a staircase to the Ecumenical Temple.
  6704 | Temple   | Entered the Ecumenical Temple
  6894 | Temple   | Became a worshipper of Sif Muna the Loreminder
  7252 | D:6      | Found a runed translucent door.
  7253 | D:6      | Noticed Crazy Yiuf
  7418 | D:6      | Reached skill level 7 in Shields
  7437 | D:6      | Found a shimmering altar of Xom.
  7440 | D:6      | Found a sparkling altar of Nemelex Xobeh.
  7610 | D:7      | Noticed a wyvern
  7623 | D:7      | Killed a wyvern
  7624 | D:7      | Reached XP level 9. HP: 53/88 MP: 13/13
  7972 | D:7      | Reached skill level 8 in Shields
  7972 | D:7      | Reached skill level 5 in Transmutations
  8140 | D:7      | Noticed Prince Ribbit
  8147 | D:7      | Reached * piety under Sif Muna
  8185 | D:7      | Killed Prince Ribbit
  8496 | D:7      | Found a snail-covered altar of Cheibriados.
  8502 | D:7      | Reached skill level 9 in Shields
  8812 | D:8      | Reached skill level 10 in Shields
  8816 | D:8      | Reached skill level 1 in Invocations
  8816 | D:8      | Reached XP level 10. HP: 59/96 MP: 16/16
  9138 | D:8      | Acquired 962 gold pieces
  9213 | D:8      | Found a staircase to the Lair.
  9354 | D:8      | Noticed Grum
  9394 | D:8      | Killed Grum
  9720 | D:8      | Learned a level 4 spell: Ice Form
  9795 | D:8      | Noticed a two-headed ogre
  9802 | D:8      | Slain by a two-headed ogre

Illustrated notes

Levels and vault maps discovered:
D:1:      dpeg_arrival_boxorama, layout_basic, shapermc_ecumenical_altar_gd,
          serial_rivers, chequers_serial_rivers_marsh,
          chequers_serial_rivers_micro_d, chequers_serial_rivers_small_a,
          chequers_serial_rivers_small_3, chequers_serial_rivers_small_3,
          minmay_octomino_c4
D:2:      layout_loops_ring
D:3:      layout_loops_ring, mainiacjoe_overflow_small_starburst, fountainhead
D:4:      layout_rooms
D:5:      layout_loops_cross, nrook_campfire, roderic_cross_of_infinity
D:6:      layout_loops_corners, jmf_multi_god_temple2,
          minmay_temple_entry_arrows, dreamdust_gnoll_farm,
          uniq_crazy_yiuf_cottage
D:7:      layout_rooms, slow_altar_2, uniq_prince_ribbit1
D:8:      layout_loops_corners, due_lair_maze_entry_diamond, uniq_grum
Temple:   regret_index_temple_mists

Skill      XL: |  1  2  3  4  5  6  7  8  9 10 |
---------------+-------------------------------+-----
Transmutations | 2 3 4 5 |  5.0
Fighting       | 2 4 5 6 |  6.6
Spellcasting   | 3 4 |  4.0
Unarmed Combat | 3 4 |  4.0
Shields        | 1 3 4 7 10 | 10.0
Poison Magic   | 2 |  2.0
Dodging        | 2 3 |  3.0
Invocations    | 1 3 |  3.0

Action                   |  1- 3 |  4- 6 |  7- 9 | 10-12 || total
-------------------------+-------+-------+-------+-------++-------
Melee: Unarmed           |    65 |    36 |     9 |       ||   110
       Kick              |    20 |       |    19 |     4 ||    43
       Headbutt          |     4 |       |    11 |     3 ||    18
       Mace              |    42 |    47 |   212 |    60 ||   361
       Punch             |     1 |       |       |       ||     1
Throw: Stone             |     4 |    24 |    31 |       ||    59
       Dart              |       |       |    13 |     6 ||    19
 Cast: Beastly Appendage |    19 |     1 |     8 |     2 ||    30
       Spider Form       |       |     5 |     3 |       ||     8
  Use: Scroll            |     5 |     4 |     5 |     3 ||    17
       Potion            |       |       |       |     1 ||     1
Armor: Robe              |    30 |    14 |    96 |    40 ||   180
       Skin              |       |     2 |     1 |       ||     3
Dodge: Dodged            |    38 |    35 |    75 |    33 ||   181
Block: Kite shield       |       |       |   106 |    62 ||   168

Table legend: (Time is in decaauts)
 A = Elapsed time spent in this place.
 B = Non-inter-level travel time spent in this place.
 C = Inter-level travel time spent in this place.
 D = Time resting spent in this place.
 E = Time spent auto-exploring this place.
 F = Levels seen in this place.
 G = Mean time per level.
                   A        B        C        D        E       F      G
               +--------+--------+--------+--------+--------+-----+--------+
         Total |  10056 |   9780 |    276 |   1492 |   6562 |   9 | 1117.3 |
       Dungeon |   9785 |   9568 |    217 |   1492 |   6378 |   8 | 1223.1 |
        Temple |    270 |    211 |     59 |      0 |    184 |   1 |  270.0 |
               +--------+--------+--------+--------+--------+-----+--------+

Top non-repeatable levels by time:
     D:1: 2090 daAuts
     D:3: 1375 daAuts
     D:7: 1347 daAuts
     D:6: 1300 daAuts
     D:8: 978 daAuts
     D:2: 951 daAuts
     D:5: 874 daAuts
     D:4: 867 daAuts
  Temple: 270 daAuts
